 Dungeon Crawl Stone Soup version 0.29-a0-222-g5b244fca1f (webtiles) character file.

Game seed: 15981899865676238300

506 Hasart the Bolt Thrower (level 6, -1/51 HPs)
             Began as a Demigod Hunter on Feb 27, 2022.
             Slain by a wyvern (7 damage)
             ... on level 4 of the Dungeon.
             The game lasted 00:06:17 (2896 turns).

Hasart the Bolt Thrower (Demigod Hunter)            Turns: 2896, Time: 00:06:18

Health: -1/51      AC:  7    Str: 13    XL:     6   Next: 64%
Magic:  8/8        EV: 18    Int: 13    God:
Gold:   233        SH:  0    Dex: 22    Spells: 5/5 levels left

rFire   . . .      SeeInvis +   a - +1 hand crossbow
rCold   . . .      Faith    .   (no shield)
rNeg    + + .      Spirit   .   m - +2 robe {rN+}
rPois   .          Reflect  .   (no helmet)
rElec   .          Harm     .   i - +1 cloak
rCorr   .          Rampage  .   (no gloves)
Will    .....                   n - +0 pair of boots of Ylujybb {SInv}
Stlth   +++.......              (no amulet)
HPRegen 0.17/turn               c - ring of positive energy
MPRegen 0.11/turn               w - +4 ring of evasion

@: no status effects
A: high MP 1, forlorn, divine attributes
a: no special abilities


You were on level 4 of the Dungeon.
You visited 1 branch of the dungeon, and saw 4 of its levels.
You also visited: Sewer.

You collected 233 gold pieces.

Inventory:

Hand Weapons
 a - a +1 hand crossbow (weapon)
Armour
 b - a +0 leather armour
 i - a +1 cloak (worn)
 m - a +2 robe of positive energy (worn)
 n - the +0 pair of boots of Ylujybb (worn) {SInv}
   (You found it on level 3 of the Dungeon)

   SInv:      It lets you see invisible.
Jewellery
 c - a ring of positive energy (left hand)
 w - a +4 ring of evasion (right hand)
Scrolls
 g - 2 scrolls of amnesia {unknown}
 j - a scroll of identify {unknown}
 k - a scroll of fog {unknown}
 p - a scroll of immolation {unknown}
 u - a scroll of summoning {unknown}
 v - a scroll of holy word {unknown}
 x - a scroll of teleportation {unknown}
Potions
 d - 2 potions of might {unknown}
 e - a potion of haste {unknown}
 f - a potion of curing {unknown}
 h - 3 potions of heal wounds {unknown}
 l - a potion of attraction {unknown}
 o - a potion of berserk rage {unknown}
 q - a potion of degeneration {unknown}
 r - a potion of mutation {unknown}
 s - a potion of magic {unknown}
 t - a potion of cancellation {unknown}


   Skills:
 + Level 3.3 Fighting
 * Level 5.6 Crossbows
 + Level 3.4 Dodging
 + Level 3.2 Stealth


You had 5 spell levels left.
You didn't know any spells.
Your spell library contained the following spells:

 Spells                   Type           Power      Damage    Failure   Level
 Freeze                   Ice            0%         1d3       30%         1
 Frozen Ramparts          Ice            0%         1d2       67%         3
 Portal Projectile        Hex/Tloc       0%         N/A       67%         3
 Tukima's Dance           Hex            0%         N/A       67%         3
 Hailstorm                Conj/Ice       0%         3d3       97%         4
 Passage of Golubria      Tloc           0%         N/A       97%         4
 Blade Hands              Tmut           0%         N/A       100%        5
 Excruciating Wounds      Necr           0%         N/A       100%        5
 Yara's Violent Unravell  Hex/Tmut       0%         3d3       100%        5


Dungeon Overview and Level Annotations

Branches:
Dungeon (4/15)              Sewer (visited)
 Temple: D:4-7


Innate Abilities, Weirdness & Mutations

You have an increased reservoir of magic. (+10% MP)
You shall have no god before yourself.
Your divine heritage dramatically boosts your attributes as you level up.


Message History

The wyvern is moderately wounded.
The wyvern bites you!
You shoot a bolt. The bolt closely misses the wyvern.
The wyvern misses you.
The wyvern bites you but does no damage.
You shoot a bolt. The bolt hits the wyvern.
The wyvern is heavily wounded.
The wyvern closely misses you. x2
You shoot a bolt. The bolt closely misses the wyvern.
The wyvern bites you! The wyvern bites you.
You are too injured to fight recklessly!
You are too injured to fight recklessly!
Shoot: a) +1 hand crossbow
Press: ? - help, Q - select action Shift-Dir - straight line, f/p - wyvern
Aim: a wyvern (heavily wounded, 68% to hit)
You shoot a bolt. The bolt hits the wyvern.
The wyvern is severely wounded.
The wyvern barely misses you.
Shoot: a) +1 hand crossbow
Press: ? - help, Q - select action Shift-Dir - straight line, f/p - wyvern
Aim: a wyvern (severely wounded, 68% to hit)
You shoot a bolt. The bolt closely misses the wyvern.
The wyvern misses you.
The wyvern bites you but does no damage.
Shoot: a) +1 hand crossbow
Press: ? - help, Q - select action Shift-Dir - straight line, f/p - wyvern
Aim: a wyvern (severely wounded, 68% to hit)
You shoot a bolt.
The bolt hits the wyvern but does no damage.
The wyvern is severely wounded.
The wyvern bites you!
* * * LOW HITPOINT WARNING * * *
The wyvern barely misses you.
Shoot: a) +1 hand crossbow
Press: ? - help, Q - select action Shift-Dir - straight line, f/p - wyvern
Aim: a wyvern (severely wounded, 68% to hit)
You shoot a bolt.
The bolt hits the wyvern but does no damage.
The wyvern is severely wounded.
The wyvern bites you!
You die...

#+##### .......
....... .......
.......#######+##
#l@.........
#...........
#...........
#...........
#...............##+
#..................
##########
###(.................
.........#
#....#'######........
.........#
#....#..#...#........


You could see a wyvern.

Vanquished Creatures
  A necrophage (D:4)
  A centaur (D:3)
  4 jellies (Sewer)
  A hound (D:4)
  Jessica (D:2)
  9 adders
  2 worms
  2 dart slugs
  2 orcs (D:3)
  8 ball pythons
  7 bats
  12 endoplasms
  5 giant cockroaches
  6 goblins
  4 hobgoblins
  4 jackals
  2 quokkas
  6 frilled lizards
  7 kobolds
  9 rats
93 creatures vanquished.

Notes
Turn   | Place    | Note
-------+----------+-------------------------------------------
     0 | D:1      | Hasart the Demigod Hunter began the quest for the Orb.
     0 | D:1      | Reached XP level 1. HP: 17/17 MP: 3/3
   112 | D:1      | Reached skill level 1 in Stealth
   329 | D:1      | Reached XP level 2. HP: 24/24 MP: 4/4
   949 | D:1      | Reached skill level 4 in Crossbows
  1332 | D:2      | Reached XP level 3. HP: 29/29 MP: 5/5
  1377 | D:2      | Noticed Jessica
  1379 | D:2      | Killed Jessica
  1549 | D:3      | Identified the +0 pair of boots of Ylujybb {SInv}
  1608 | D:3      | Reached XP level 4. HP: 35/37 MP: 6/6
  1645 | D:3      | Noticed a centaur
  1650 | D:3      | Killed a centaur
  1651 | D:3      | Reached XP level 5. HP: 25/42 MP: 7/7
  2083 | D:3      | Noticed a steam dragon
  2420 | D:4      | Found a glowing drain.
  2437 | Sewer    | Entered a sewer
  2544 | Sewer    | Reached skill level 5 in Crossbows
  2582 | Sewer    | Reached XP level 6. HP: 51/51 MP: 8/8
  2886 | D:4      | Noticed a wyvern
  2896 | D:4      | Slain by a wyvern

Illustrated notes

Levels and vault maps discovered:
D:1:      lemuel_arrival_hallway, layout_loops_corners,
          shapermc_ecumenical_altar_petra
D:2:      layout_rooms, uniq_jessica
D:3:      layout_rooms, grunt_ministairs_5, saegor_snake_ambush
D:4:      layout_gridville, cheibrodos_sewer_entry_bend, serial_bayou_pond_a

Skill      XL: |  1  2  3  4  5  6 |
---------------+-------------------+-----
Stealth        | 1 2 3 |  3.2
Dodging        | 2 3 |  3.4
Fighting       | 2 3 |  3.3
Crossbows      | 4 5 |  5.6

Action                   |  1- 3 |  4- 6 || total
-------------------------+-------+-------++-------
 Fire: Hand crossbow     |    98 |   160 ||   258
Armor: Leather armour    |    23 |       ||    23
       Robe              |     3 |    19 ||    22
Dodge: Dodged            |    59 |    47 ||   106

Table legend: (Time is in decaauts)
 A = Elapsed time spent in this place.
 B = Non-inter-level travel time spent in this place.
 C = Inter-level travel time spent in this place.
 D = Time resting spent in this place.
 E = Time spent auto-exploring this place.
 F = Levels seen in this place.
 G = Mean time per level.
                   A        B        C        D        E       F      G
               +--------+--------+--------+--------+--------+-----+--------+
         Total |   2996 |   2912 |     84 |    273 |   2002 |   5 |  599.2 |
       Dungeon |   2726 |   2642 |     84 |    273 |   1857 |   4 |  681.5 |
         Sewer |    269 |    269 |      0 |      0 |    145 |   1 |  269.0 |
               +--------+--------+--------+--------+--------+-----+--------+

Top non-repeatable levels by time:
     D:1: 1014 daAuts
     D:2: 731 daAuts
     D:3: 611 daAuts
     D:4: 369 daAuts
   Sewer: 269 daAuts
